Map: Dreamcatcher LE

Players

Semper

  • Race: Terran Terran
  • Spawn Location: 11:00

Nice - Winner!

  • Race: Protoss Protoss
  • Spawn Location: 5:00

Event: WCS Austin 2018

VOD

Have the link to the VOD?

Description

Time

  • Played on: June 1, 2018, 1:59 p.m.
  • Length: 8:39

All games in this series

Show
View Real Time Build Order
Export as new Build Order

Semper Terran 

Build Orders: Reaper Expand, MMM Bio, Banshee Rush 

Get SALT Encoding   

  12  0:00  SCV  
  13  0:13  SCV  
  14  0:17  Supply Depot  
  14  0:25  SCV  
  15  0:38  SCV  
  15  0:39  Barracks  
  16  0:43  Refinery  
  16  0:50  SCV  
  17  1:02  SCV  
  18  1:15  SCV  
  19  1:27  Orbital Command, Reaper  
  20  1:46  Command Center  
  20  1:52  SCV  
  21  1:55  Supply Depot  
  21  1:59  Marine  
  22  2:05  SCV  
  23  2:10  Factory  
  23  2:17  SCV  
  23  2:20  Barracks Reactor  
  24  2:25  Refinery  
  24  2:29  SCV  
  25  2:41  SCV  
  26  2:54  SCV  
  26  2:55  Starport  
  27  2:58  Marine  
  27  2:59  Orbital Command, Marine  
  27  3:01  Widow Mine  
  31  3:08  SCV  
  32  3:16  Marine x2  
  34  3:22  Widow Mine  
  34  3:24  SCV  
  37  3:28  SCV  
  40  3:36  Starport Tech Lab, SCV  
  40  3:38  Marine x2  
  40  3:40  SCV  
  42  3:44  Widow Mine  
  42  3:48  SCV  
  45  3:51  Supply Depot  
  45  3:53  Supply Depot  
  45  3:54  SCV  
  46  3:55  Cloaking Field  
  46  4:00  Marine  
  46  4:02  Marine  
  46  4:07  SCV  
  45  4:13  SCV  
  44  4:18  Marine  
  44  4:21  Factory Tech Lab  
  44  4:24  SCV  
  46  4:26  Banshee, Marine, Supply Depot  
  49  4:31  Bunker  
  49  4:32  SCV  
  49  4:35  Marine  
  51  4:40  Siege Tank, SCV  
  51  4:45  SCV  
  56  4:48  Supply Depot  
  56  4:52  Engineering Bay  
  56  4:53  SCV  
  56  4:56  Marine x2  
  59  5:03  SCV  
  60  5:08  Banshee  
  60  5:10  SCV  
  64  5:15  SCV  
  64  5:21  Command Center, Marine x2, Siege Tank  
  69  5:24  SCV  
  69  5:27  Supply Depot  
  71  5:31  Missile Turret  
  71  5:32  SCV  
  72  5:43  SCV  
  72  5:44  Barracks  
  72  5:45  Barracks  
  72  5:47  Engineering Bay  
  72  5:49  Barracks Tech Lab  
  73  5:50  Refinery  
  73  5:52  Refinery  
  73  6:01  SCV  
  74  6:05  SCV  
  74  6:09  Stimpack, Marine  
  73  6:13  SCV  
  73  6:16  Starport Reactor  
  75  6:18  SCV  
  75  6:22  Factory Reactor  
  75  6:23  Missile Turret  
  75  6:26  Terran Infantry Weapons Level 1, Marine, Terran Infantry Armor Level 1  
  75  6:27  SCV  
  75  6:28  Barracks  
  75  6:29  Barracks  
  75  6:32  Marine x2  
  79  6:35  Orbital Command  
  79  6:38  SCV  
  80  6:43  Marine  
  80  6:46  SCV  
  82  6:50  SCV  
  82  6:51  Marauder, Marine x2  
  82  6:52  Combat Shields  
  82  6:54  Medivac  
  89  6:57  Medivac  
  89  6:59  SCV  
  92  7:04  Orbital Command  
  92  7:06  Marauder  
  94  7:09  Marine x2  
  94  7:12  SCV x2  
  94  7:13  Marauder  
  101  7:19  Barracks Reactor, Barracks Tech Lab  
  100  7:24  SCV  
  101  7:36  Supply Depot  
  101  7:38  Supply Depot  
  101  7:39  Armory, Marine  
  101  7:40  Medivac x2, SCV x2  
  108  7:47  Missile Turret  
  108  7:51  Bunker, Marine  
  108  7:52  Bunker, Marauder, Marine  
  108  7:54  Marauder  
  108  7:58  Orbital Command  
  109  8:00  Marine x3, SCV  
  104  8:09  Marine  
  104  8:10  Marine  
  92  8:13  Marine  
  92  8:14  Marine  
Show
View Real Time Build Order
Export as new Build Order

Nice Protoss - Winner!

Build Orders: 1 Gate Expand, Oracle Opening, Phoenix Opening 

Get SALT Encoding   

  12  0:00  Probe  
  13  0:12  Probe  
  14  0:17  Pylon  
  14  0:24  Probe  
  15  0:32  Probe  
  15  0:37  Gateway  
  15  0:40  Probe  
  16  0:49  Assimilator  
  17  0:51  Probe  
  18  1:03  Probe  
  19  1:15  Probe  
  20  1:23  Nexus  
  20  1:33  Cybernetics Core  
  20  1:35  Probe  
  21  1:41  Assimilator  
  21  1:48  Probe  
  21  1:54  Pylon  
  22  2:00  Probe  
  23  2:03  Adept  
  23  2:12  Probe  
  26  2:18  Stargate  
  26  2:24  Probe  
  26  2:26  Adept  
  26  2:27  Warp Gate  
  29  2:43  Probe  
  29  2:44  Probe  
  31  2:50  Adept  
  31  2:55  Oracle  
  31  2:56  Probe x2  
  38  3:08  Probe x2  
  39  3:20  Probe  
  39  3:25  Probe  
  39  3:26  Oracle  
  41  3:32  Probe  
  40  3:38  Pylon, Probe  
  44  3:44  Probe  
  45  3:50  Probe  
  45  3:52  Nexus  
  46  3:56  Probe  
  46  3:59  Phoenix  
  46  4:02  Probe  
  50  4:12  Probe  
  50  4:13  Probe  
  52  4:18  Gateway  
  52  4:19  Gateway  
  52  4:20  Probe  
  52  4:24  Pylon  
  52  4:26  Assimilator  
  52  4:29  Assimilator  
  53  4:32  Probe  
  53  4:34  Phoenix  
  53  4:36  Pylon  
  54  4:42  Probe  
  54  4:44  Probe  
  58  4:54  Probe  
  58  4:55  Oracle  
  58  4:56  Probe  
  58  4:59  Shield Battery  
  62  5:00  Shield Battery  
  62  5:01  Shield Battery  
  60  5:07  Probe x2  
  62  5:16  Forge  
  62  5:17  Probe  
  62  5:18  Twilight Council  
  63  5:25  Probe  
  63  5:30  Robotics Facility, Protoss Ground Weapons Level 1  
  63  5:34  Oracle, Probe  
  68  5:44  Resonating Glaives  
  68  5:46  Gateway, Probe  
  68  5:49  Gateway  
  69  5:58  Probe  
  70  6:10  Probe  
  71  6:13  Gateway  
  71  6:17  Gateway  
  71  6:18  Pylon x2  
  71  6:20  Warp Prism  
  71  6:22  Probe  
  71  6:23  Gateway  
  74  6:25  Adept  
  74  6:26  Adept x2  
  74  6:29  Pylon  
  80  6:34  Probe  
  78  6:40  Phoenix  
  78  6:46  Probe, Warp Prism  
  81  6:51  Adept x4  
  81  6:52  Adept  
  91  6:56  Nexus  
  91  6:57  Pylon  
  93  7:09  Phoenix  
  95  7:20  Adept x5  
  95  7:21  Adept x3  
  111  7:25  Pylon  
  111  7:26  Pylon  
  111  7:27  Pylon  
  111  7:33  Pylon  
  111  7:35  Pylon  
  111  7:51  Adept x4  
  111  7:52  Adept x4  
  125  8:11  Adept x2  
  125  8:12  Adept x6  
  139  8:14  Phoenix  
  107  8:37  Adept x2  
  107  8:38  Adept x6  
Tags
 
Add a new tag
Caveats
  • Supply blocks, unpowered buildings, or Contaminate may cause inaccurate times.
  • Supply counts are checked every 10 seconds.